 Dungeon Crawl Stone Soup version 0.31-a0-437-g7cee417757 (webtiles) character file.

Game seed: 13359174950268993080

1164 Locuples the Cleaver (level 8, -1/105 HPs)
             Began as a Minotaur Berserker on Aug 2, 2023.
             Was an Elder of Trog.
             Slain by a gnoll
             ... wielding a +0 halberd
             ... led by a gnoll sergeant
              (8 damage)
             ... on level 6 of the Dungeon.
             The game lasted 00:10:53 (4845 turns).

Locuples the Cleaver (Minotaur Berserker)           Turns: 4845, Time: 00:10:53

Health: -1/105     AC: 12    Str: 25    XL:     8   Next: 17%
Magic:  7/7        EV:  7    Int:  4    God:    Trog [****..]
Gold:   327        SH:  0    Dex:  9    Spells: 7/7 levels left

rFire   . . .        a - +0 hand axe
rCold   . . .        (no shield)
rNeg    . . .        c - +0 plate armour
rPois   .            (helmet restricted)
rElec   .            (no cloak)
rCorr   .            (no gloves)
SInv    .            (no boots)
Will    .....        (no amulet) Stlth
                     (no ring)
HPRegen 0.37/turn    (no ring)
MPRegen 0.10/turn

%: no passive effects
@: berserking (expiring), lethally poisoned (-1 -> -15), very quick
A: horns 2, retaliatory headbutt
a: Renounce Religion, Berserk, Trog's Hand, Brothers in Arms


You were on level 6 of the Dungeon.
You worshipped Trog.
Trog was greatly pleased with you.
You visited 1 branch of the dungeon, and saw 6 of its levels.

You collected 327 gold pieces.

Inventory:

Hand Weapons
 a - a +0 hand axe (weapon)
Missiles
 k - a throwing net
Armour
 c - a +0 plate armour (worn)
Jewellery
 f - a ring of resist corrosion
Wands
 h - a wand of flame (28)
 r - a wand of digging (8)
Scrolls
 d - a scroll of blinking {unknown}
 g - a scroll of noise {unknown}
 j - a scroll of immolation {unknown}
 l - a scroll of enchant armour {unknown}
 m - a scroll of amnesia {unknown}
 n - a scroll of identify
 o - 2 scrolls of silence {unknown}
 s - a scroll of poison {unknown}
 u - a scroll of fog {unknown}
 v - a scroll of teleportation {unknown}
 w - a scroll of enchant weapon {unknown}
 x - a scroll of butterflies {unknown}
Potions
 b - a potion of heal wounds
 e - 3 potions of brilliance
 i - a potion of cancellation
 p - a potion of haste {unknown}
 q - 2 potions of curing
 t - a potion of resistance {unknown}
 z - a potion of invisibility {unknown}


   Skills:
 * Level 5.9 Fighting
 + Level 9.8 Axes
 + Level 5.5 Armour
 + Level 2.8 Dodging


You had 7 spell levels left.
You didn't know any spells.
Your spell library was empty.

Dungeon Overview and Level Annotations

Branches:
Dungeon (6/15)
 Temple: D:4-7

Altars:
Makhleb
Xom


Innate Abilities, Weirdness & Mutations

You have a pair of horns on your head.
You reflexively headbutt those who attack you in melee.


Message History

You barely miss the gnoll sergeant. You punch the gnoll sergeant.
You kill the gnoll sergeant!
Trog accepts your kill.
You feel very sick.
* * * LOW HITPOINT WARNING * * *
You feel very sick. The gnoll hits you with a +0 spear.
* * * LOW HITPOINT WARNING * * *
The gnoll closely misses you. The gnoll hits you with a +0 spear.
* * * LOW HITPOINT WARNING * * *
The gnoll barely misses you.
Things that are here:
a +3 spear of venom; a +0 scale mail; a gnoll corpse You barely miss the gnoll.
You hit the gnoll. You slash the gnoll!
* * * LOW HITPOINT WARNING * * *
You feel very sick. The gnoll hits you but does no damage.
The gnoll barely misses you. The gnoll hits you with a +0 spear.
* * * LOW HITPOINT WARNING * * *
The gnoll closely misses you.
You slash the gnoll! Your headbutt misses the gnoll.
The gnoll is severely wounded.
You hit the gnoll.
You kill the gnoll!
Trog accepts your kill.
You slash the gnoll!
You kill the gnoll!
Trog accepts your kill.
* * * LOW HITPOINT WARNING * * *
You feel very sick.
You are too berserk!
You slice the gnoll!!
You kill the gnoll!
Trog accepts your kill.
* * * LOW HITPOINT WARNING * * *
You feel sick.
* * * LOW HITPOINT WARNING * * *
You feel very sick. The gnoll hits you with a +0 halberd!
You die...

... ..# ## ##..# #
##.###....##.
#.#...#.....
##........#
.......g..##.##
#....)@)......
##...#)####### ### #)#
# ##'## #. ##...##
##.# ##.....## #...###
##.......## #.....#
#.........####...#.###
+.........+...........


You could see a gnoll.

Vanquished Creatures
  Grinder (D:6)
  The ghost of paps the Changeling, an amateur OpSh (D:4)
  A gnoll sergeant (D:6)
  A crimson imp (D:5)
  A bullfrog zombie (D:4)
  A centaur skeleton (D:4)
  2 hounds (D:5)
  3 orc priests
  2 jellies (D:3)
  A sleepcap (D:5)
  Terence (D:2)
  2 iguanas
  3 orc wizards
  A killer bee zombie (D:4)
  6 adders
  11 gnolls
  A white imp (D:6)
  An ufetubus (D:4)
  3 worms
  2 dart slugs (D:2)
  13 orcs
  7 bats
  19 endoplasms
  6 giant cockroaches
  7 goblins
  9 hobgoblins
  9 jackals
  18 kobolds
  5 quokkas
  10 ball pythons
  A frilled lizard (D:2)
  10 rats
159 creatures vanquished.

Notes
Turn   | Place    | Note
-------+----------+-------------------------------------------
     0 | D:1      | Locuples the Minotaur Berserker began the quest for the
                  | Orb.
     0 | D:1      | Reached XP level 1. HP: 19/19 MP: 0/0
   140 | D:1      | Reached skill level 4 in Axes
   142 | D:1      | Reached XP level 2. HP: 27/27 MP: 1/1
   365 | D:1      | Reached ** piety under Trog
   522 | D:1      | Reached XP level 3. HP: 33/33 MP: 2/2
   979 | D:2      | Noticed Terence
   990 | D:2      | Killed Terence
   991 | D:2      | Reached skill level 5 in Axes
   991 | D:2      | Reached XP level 4. HP: 29/40 MP: 3/3
  1991 | D:3      | Reached *** piety under Trog
  2043 | D:3      | Reached skill level 6 in Axes
  2043 | D:3      | Reached XP level 5. HP: 16/47 MP: 4/4
  2928 | D:3      | Reached skill level 7 in Axes
  2928 | D:3      | Reached XP level 6. HP: 37/53 MP: 5/5
  3392 | D:4      | Found a transporter.
  3395 | D:4      | Found a transporter.
  3396 | D:4      | Noticed paps's ghost (amateur OpSh)
  3413 | D:4      | Killed paps's ghost
  3414 | D:4      | Reached skill level 8 in Axes
  3421 | D:4      | Reached XP level 7. HP: 44/60 MP: 6/6
  3524 | D:4      | Reached **** piety under Trog
  3831 | D:5      | Entered Level 5 of the Dungeon
  3854 | D:5      | Reached skill level 5 in Fighting
  4207 | D:5      | Found a shimmering altar of Xom.
  4207 | D:5      | Found a burning altar of Makhleb.
  4325 | D:5      | Reached skill level 5 in Armour
  4575 | D:6      | Noticed Grinder
  4590 | D:6      | Killed Grinder
  4591 | D:6      | Reached skill level 9 in Axes
  4591 | D:6      | Reached XP level 8. HP: 51/69 MP: 7/7
  4845 | D:6      | Slain by a gnoll

Illustrated notes

Levels and vault maps discovered:
D:1:      evilmike_arrival_rings, layout_basic, kennysheep_nondescript
D:2:      layout_loops_corners, roderic_lattice_a, hangedman_decor_peaks_small,
          uniq_terence
D:3:      cheibrodos_fertilizer, layout_loops_corners,
          kennysheep_decorative_pillar
D:4:      layout_cave_pools, gammafunk_ghost_mausoleum
D:5:      layout_cave_pools, grunt_temple_overflow_champion_of_chaos
D:6:      layout_loops_corners, minmay_temple_entry_proselytizer,
          uniq_crazy_yiuf_cottage, uniq_grinder, uniq_eustachio

Skill      XL: |  1  2  3  4  5  6  7 |
---------------+----------------------+-----
Axes           | 4 5 6 7 8 9 |  9.8
Fighting       | 4 5 |  5.9
Armour         | 3 4 5 |  5.5
Dodging        | |  2.8

Action                     |  1- 3 |  4- 6 |  7- 9 || total
---------------------------+-------+-------+-------++-------
  Melee: Hand axe          |    75 |   182 |   132 ||   389
         Headbutt          |     6 |    30 |    19 ||    55
         Punch             |       |     2 |     2 ||     4
 Invoke: Berserk           |       |     1 |     3 ||     4
         Trog's Hand       |       |     1 |     1 ||     2
    Use: Scroll            |       |       |     6 ||     6
 Armour: Plate armour      |    61 |   147 |    76 ||   284
  Dodge: Dodged            |    37 |    70 |    51 ||   158

Table legend: (Time is in decaauts)
 A = Elapsed time spent in this place.
 B = Non-inter-level travel time spent in this place.
 C = Inter-level travel time spent in this place.
 D = Time resting spent in this place.
 E = Time spent auto-exploring this place.
 F = Levels seen in this place.
 G = Mean time per level.
                   A        B        C        D        E       F      G
               +--------+--------+--------+--------+--------+-----+--------+
         Total |   4844 |   4776 |     68 |    391 |   3281 |   6 |  807.3 |
       Dungeon |   4844 |   4776 |     68 |    391 |   3281 |   6 |  807.3 |
               +--------+--------+--------+--------+--------+-----+--------+

Top non-repeatable levels by time:
     D:3: 1239 daAuts
     D:2: 1143 daAuts
     D:4: 800 daAuts
     D:5: 728 daAuts
     D:1: 654 daAuts
     D:6: 278 daAuts
